 Dungeon Crawl Stone Soup version 0.27-a0-637-g3a9f0a9c12 (webtiles) character file.

Game seed: 15613723818382650250

529 zzzxxxcccvvv the Chopper (level 7, -6/91 HPs)
             Began as a Minotaur Berserker on Mar 14, 2021.
             Was a Believer of Trog.
             Mangled by an ogre
             ... wielding a +0 giant club
              (29 damage)
             ... on level 5 of the Dungeon.
             The game lasted 00:15:43 (3384 turns).

zzzxxxcccvvv the Chopper (Minotaur Berserker)       Turns: 3384, Time: 00:15:44

Health: -6/91      AC:  4    Str: 23    XL:     7   Next: 3%
Magic:  6/6        EV: 12    Int:  4    God:    Trog [**....]
Gold:   216        SH:  0    Dex: 10    Spells: 6/6 levels left

rFire    + + .     SeeInvis .   a - +0 hand axe
rCold    x . .     Faith    .   (no shield)
rNeg     . . .     Spirit   .   m - +1 leather armour {rF+}
rPois    .         Reflect  .   (helmet restricted)
rElec    .         Harm     .   (no cloak)
rCorr    .         Rampage  .   (no gloves)
Will     .....                  (no boots)
Stlth    ..........             (no amulet)
HPRegen  0.25/turn              e - ring of fire
MPRegen  0.10/turn              (no ring)

@: berserking, very quick
A: horns 2, retaliatory headbutt
a: Renounce Religion, Berserk, Trog's Hand


You were on level 5 of the Dungeon.
You worshipped Trog.
Trog was pleased with you.
You visited 1 branch of the dungeon, and saw 4 of its levels.

You collected 216 gold pieces.

Inventory:

Hand Weapons
 a - a +0 hand axe (weapon)
 d - a +0 dagger of draining
Missiles
 l - 14 poisoned darts
Armour
 i - a +0 ring mail
 m - a +1 leather armour of fire resistance (worn)
Jewellery
 e - a ring of fire (right hand)
Scrolls
 c - 5 scrolls of identify {unknown}
 f - a scroll of amnesia {unknown}
 j - a scroll of enchant weapon {unknown}
 p - a scroll of teleportation {unknown}
 q - a scroll of enchant armour {unknown}
Potions
 b - a potion of brilliance {unknown}
 g - 2 potions of curing {unknown}
 h - a potion of ambrosia {unknown}
 k - a potion of flight {unknown}
 n - a potion of degeneration {unknown}
 o - 2 potions of attraction {unknown}


   Skills:
 * Level 5.1 Fighting
 + Level 6.0(6.1) Axes
 - Level 0.7(3.8) Maces & Flails
 - Level 1.0(3.8) Polearms
 * Level 5.1 Armour
 * Level 4.4 Dodging


You had 6 spell levels left.
You didn't know any spells.
Your spell library was empty.

Dungeon Overview and Level Annotations

Branches:
Dungeon (5/15)
 Temple: D:4-7

Altars:
Yredelemnul


Innate Abilities, Weirdness & Mutations

You have a pair of horns on your head.
You reflexively headbutt those who attack you in melee.


Message History

The quokka is almost dead.
The quokka bites you.
You hit the quokka but do no damage. You headbutt the quokka.
You kill the quokka!
Trog accepts your kill.
You hear the rusting of a very distant drain.
You hear the rusting of a very distant drain.
You open the door.
Found a stone staircase leading down.
There is an open door here.
An ogre and a white imp come into view.
The ogre shouts!
You see here 10 gold pieces.
You hit the ogre.
The ogre is lightly wounded.
The ogre hits you with a +0 giant club!
You hit the ogre but do no damage.
The ogre is lightly wounded.
You hit the white imp. The white imp gestures at you.
The puff of frost hits you!
You feel a terrible chill! The ogre hits you with a +0 giant club.
You slash the ogre! You headbutt the ogre.
The ogre is heavily wounded.
You barely miss the white imp. The white imp closely misses you.
The ogre hits you with a +0 giant club!!
You hit the ogre but do no damage.
The ogre is heavily wounded.
You hit the white imp. The white imp hits you. The white imp freezes you.
You feel a terrible chill!
* * * LOW HITPOINT WARNING * * *
A red film seems to cover your vision as you go berserk!
You feel yourself moving faster!
You feel mighty! The ogre closely misses you. The white imp misses you.
You furiously retaliate!
You headbutt the white imp!
You kill the white imp!
Trog accepts your kill.
You completely miss the ogre.
The ogre is heavily wounded.
The ogre hits you with a +0 giant club!!
You die...

#................
.........#.#.....8
########'#.#####..
#####......# .8
#..........####
#..............
#.>...........#
#......$#####.#
#.......@O....#
#.............#
#.............#
#.......#####.#
######### #


You could see an ogre.

Vanquished Creatures
  Edmund (D:4)
  Duvessa (D:4)
  Dowan (D:4)
  2 hounds
  Natasha (thrice) (D:2)
  An orc wizard (D:4)
  3 adders
  A white imp (D:5)
  An ooze (D:2)
  An adder zombie (D:5)
  3 dart slugs
  3 leopard geckos
  5 orcs
  3 bats
  3 giant cockroaches (D:1)
  4 goblins (D:1)
  2 hobgoblins (D:1)
  3 jackals (D:4)
  2 quokkas (D:5)
  A leopard gecko skeleton (D:4)
  7 rats
  A spectral orc (D:4)
52 creatures vanquished.

Vanquished Creatures (others)
  5 toadstools (D:1)
5 creatures vanquished.

Grand Total: 57 creatures vanquished

Notes
Turn   | Place    | Note
-------+----------+-------------------------------------------
     0 | D:1      | zzzxxxcccvvv the Minotaur Berserker began the quest for the
                  | Orb.
     0 | D:1      | Reached XP level 1. HP: 19/19 MP: 0/0
   210 | D:1      | Reached XP level 2. HP: 24/26 MP: 1/1
   553 | D:1      | Reached skill level 1 in Polearms
   875 | D:1      | Reached skill level 4 in Axes
  1075 | D:2      | Reached XP level 3. HP: 33/33 MP: 2/2
  1264 | D:2      | Noticed Natasha
  1270 | D:2      | Killed Natasha
  1270 | D:2      | Reached ** piety under Trog
  1405 | D:2      | Noticed Natasha
  1418 | D:2      | Killed Natasha
  1419 | D:2      | Reached XP level 4. HP: 30/40 MP: 3/3
  1653 | D:2      | Noticed Natasha
  1663 | D:2      | Killed Natasha
  1672 | D:2      | You fall into a shaft and drop 2 floors!
  1710 | D:4      | Reached XP level 5. HP: 47/47 MP: 4/4
  1751 | D:4      | Noticed Edmund
  1767 | D:4      | Killed Edmund
  1768 | D:4      | Reached skill level 5 in Axes
  2026 | D:4      | Reached XP level 6. HP: 50/55 MP: 5/5
  2315 | D:4      | Noticed Duvessa
  2330 | D:4      | Noticed Dowan
  2335 | D:4      | Killed Duvessa
  2336 | D:4      | Reached skill level 5 in Fighting
  2341 | D:4      | Killed Dowan
  2634 | D:4      | Found a basalt altar of Yredelemnul.
  2999 | D:5      | Entered Level 5 of the Dungeon
  3018 | D:5      | Reached skill level 6 in Axes
  3018 | D:5      | Reached skill level 5 in Armour
  3150 | D:5      | Reached XP level 7. HP: 55/61 MP: 6/6
  3384 | D:5      | Mangled by an ogre

Illustrated notes

Levels and vault maps discovered:
D:1:      ldierk_walled_garden, layout_basic, minmay_tripent
D:2:      layout_loops_cross, minmay_statues_item, uniq_natasha
D:4:      layout_basic, yredelemnul_forgotten_temple_becter,
          due_unseen_surprise, uniq_edmund, uniq_duvessa
D:5:      layout_basic, minmay_temple_entry_statues_fountains,
          portal_sewer_entry_f

Skill      XL: |  1  2  3  4  5  6 |
---------------+-------------------+-----
Polearms       | 1 |  1.0
Fighting       | 4 5 |  5.1
Axes           | 4 5 6 |  6.0
Armour         | 3 4 5 |  5.1
Dodging        | 3 4 |  4.4
Maces & Flails | |  0.7

Action                   |  1- 3 |  4- 6 |  7- 9 || total
-------------------------+-------+-------+-------++-------
Melee: Hand axe          |    49 |    92 |    17 ||   158
       Headbutt          |     5 |    26 |     5 ||    36
       Dagger            |     8 |       |       ||     8
Invok: Berserk           |       |     1 |     1 ||     2
Armor: Animal skin       |     4 |       |       ||     4
       Ring mail         |     3 |    12 |       ||    15
       Leather armour    |       |     4 |     5 ||     9
Dodge: Dodged            |    31 |    46 |     9 ||    86

Table legend: (Time is in decaauts)
 A = Elapsed time spent in this place.
 B = Non-inter-level travel time spent in this place.
 C = Inter-level travel time spent in this place.
 D = Time resting spent in this place.
 E = Time spent auto-exploring this place.
 F = Levels seen in this place.
 G = Mean time per level.
                   A        B        C        D        E       F      G
               +--------+--------+--------+--------+--------+-----+--------+
         Total |   3398 |   3367 |     31 |    590 |   2175 |   4 |  849.5 |
       Dungeon |   3398 |   3367 |     31 |    590 |   2175 |   4 |  849.5 |
               +--------+--------+--------+--------+--------+-----+--------+

Top non-repeatable levels by time:
     D:4: 1335 daAuts
     D:1: 1055 daAuts
     D:2: 623 daAuts
     D:5: 384 daAuts
